TOP OF THE 1ST |
Bishop Amat HS batting - Pitching for Indianapolis HS Chaos : RHP Roberto Montoya
|
Pitching: RHP Roberto Montoya
|
|
Batting: SHB Jimmy Wilson
|
0-0: DOUBLE (Flyball, 78M)
|
Batting: RHB Pat Hanna
|
0-0: Ball 1-0: Ball 2-0: Ball 3-0: Base on Balls
|
Batting: RHB Will David
|
0-0: Ball 1-0: Foul Ball, location: 2F 1-1: Fly out, F9 (Flyball, 9M)
|
Batting: RHB Jim Norris
|
0-0: Called Strike 0-1: Ball 1-1: Swinging Strike Single, Error in OF, E7, batter to second base Jimmy Wilson scores Pat Hanna to third
|
Batting: LHB Edmund Stone
|
0-0: Called Strike 0-1: Ball 1-1: Fly out, F7 (Flyball, 78M)
|
Batting: SHB Leonardo González
|
0-0: Fly out, F9 (Flyball, 89M)
|
Top of the 1st over - 1 run(s), 2 hit(s), 1 error(s), 2 left on base; Bishop Amat HS 1 - Indianapolis HS 0 |
BOTTOM OF THE 1ST |
Indianapolis HS Chaos batting - Pitching for Bishop Amat HS : LHP Bryan Vaughan
|
Pitching: LHP Bryan Vaughan
|
|
Batting: RHB Johnny Becker
|
0-0: Ball 1-0: Ball 2-0: Ball 3-0: Base on Balls
|
Batting: RHB Jesús Lima
|
0-0: Ball 1-0: Called Strike Throwing error on steal attempt, E2 Johnny Becker to third 1-1: Ball 2-1: Ball 3-1: Base on Balls
|
Batting: LHB Ben Donaldson
|
0-0: Ball 1-0: Foul Ball, location: 2F 1-1: Ball 2-1: Foul Ball, location: 2F 2-2: Strikes out swinging
|
Batting: RHB Curt David
|
0-0: Ball 1-0: Ball 2-0: Ball 3-0: Called Strike 3-1: Called Strike 3-2: Strikes out swinging
|
Batting: RHB Patrice Charette
|
0-0: Ball 1-0: Ball 2-0: Called Strike 2-1: Foul Ball, location: 2F 2-2: Foul Ball, location: 2F 2-2: Fielders Choice at 2nd, U6 (Groundball, 6M)
|
Bottom of the 1st over - 0 run(s), 0 hit(s), 1 error(s), 2 left on base; Bishop Amat HS 1 - Indianapolis HS 0 |
TOP OF THE 2ND |
Bishop Amat HS batting - Pitching for Indianapolis HS Chaos : RHP Roberto Montoya
|
Batting: RHB Javier Castillo
|
0-0: Called Strike 0-1: Ball 1-1: Ball 2-1: SINGLE (Groundball, 6MD)
|
Batting: SHB José Ruíz
|
0-0: Ball 1-0: Ground out 3-1 (Groundball, 34S) Javier Castillo to second
|
Batting: LHB David Morgan
|
0-0: Ball 1-0: Foul Ball, location: 2F 1-1: Foul Ball, location: 2F 1-2: Strikes out looking
|
Batting: SHB Jimmy Wilson
|
0-0: Ball 1-0: Ground out 5-3 (Groundball, 56)
|
Top of the 2nd over - 0 run(s), 1 hit(s), 0 error(s), 1 left on base; Bishop Amat HS 1 - Indianapolis HS 0 |
BOTTOM OF THE 2ND |
Indianapolis HS Chaos batting - Pitching for Bishop Amat HS : LHP Bryan Vaughan
|
Batting: SHB Mark Hendree
|
0-0: Ball 1-0: Foul Ball, location: 2F 1-1: Ball 2-1: Fly out, F9 (Flyball, 89M)
|
Batting: SHB Mike Burke
|
0-0: Called Strike 0-1: Ball 1-1: Swinging Strike 1-2: Ground out 5-3 (Groundball, 5S)
|
Batting: RHB Zander von Strantz
|
0-0: Ball 1-0: Ball 2-0: Fly out, F4 (Line Drive, 4)
|
Bottom of the 2nd over - 0 run(s), 0 hit(s), 0 error(s), 0 left on base; Bishop Amat HS 1 - Indianapolis HS 0 |
TOP OF THE 3RD |
Bishop Amat HS batting - Pitching for Indianapolis HS Chaos : RHP Roberto Montoya
|
Batting: RHB Pat Hanna
|
0-0: Called Strike 0-1: Foul Ball, location: 2F 0-2: Fly out, F4 (Popup, 4D)
|
Batting: RHB Will David
|
0-0: Ball 1-0: TRIPLE (Line Drive, 8RM)
|
Batting: RHB Jim Norris
|
0-0: Called Strike 0-1: SINGLE (Flyball, 8RM) Will David scores
|
Batting: LHB Edmund Stone
|
0-0: Called Strike 0-1: Ball 1-1: Ball 2-1: Ball 3-1: Swinging Strike 3-2: DOUBLE (Line Drive, 3L) Jim Norris to third Jim Norris scores
|
Batting: SHB Leonardo González
|
0-0: Called Strike 0-1: Ball 1-1: Swinging Strike 1-2: Strikes out swinging
|
Batting: RHB Javier Castillo
|
0-0: Called Strike 0-1: Ball 1-1: Called Strike 1-2: Foul Ball, location: 2F 1-2: Ball 2-2: Foul Ball, location: 2F 2-2: Ball 3-2: 2-RUN HOME RUN (Flyball, 7LD), Distance : 338 ft
|
Batting: SHB José Ruíz
|
0-0: Called Strike 0-1: Ball 1-1: Foul Ball, location: 2F 1-2: Ball 2-2: Ball 3-2: Strikes out swinging
|
Top of the 3rd over - 4 run(s), 4 hit(s), 0 error(s), 0 left on base; Bishop Amat HS 5 - Indianapolis HS 0 |
BOTTOM OF THE 3RD |
Indianapolis HS Chaos batting - Pitching for Bishop Amat HS : LHP Bryan Vaughan
|
Batting: LHB Robert Lucas
|
0-0: Foul Ball, location: 2F 0-1: Ball 1-1: Foul Ball, location: 2F 1-2: Strikes out swinging
|
Batting: RHB Johnny Becker
|
0-0: Called Strike 0-1: Ball 1-1: Foul Ball, location: 2F 1-2: Foul Ball, location: 2F 1-2: Strikes out looking
|
Batting: RHB Jesús Lima
|
0-0: Ball 1-0: Called Strike 1-1: Ball 2-1: Swinging Strike 2-2: Ball 3-2: Base on Balls
|
Batting: LHB Ben Donaldson
|
0-0: Ball 1-0: Ball 2-0: SINGLE (Line Drive, 89M) Jesús Lima to second
|
Batting: RHB Curt David
|
0-0: Called Strike 0-1: Ball 1-1: Ball 2-1: Ball 3-1: Foul Ball, location: 2F 3-2: Base on Balls Jesús Lima to third Ben Donaldson to second
|
Batting: RHB Patrice Charette
|
0-0: Ground out U3 (Groundball, 3S)
|
Bottom of the 3rd over - 0 run(s), 1 hit(s), 0 error(s), 3 left on base; Bishop Amat HS 5 - Indianapolis HS 0 |
TOP OF THE 4TH |
Bishop Amat HS batting - Pitching for Indianapolis HS Chaos : RHP Roberto Montoya
|
Batting: LHB David Morgan
|
0-0: Foul Ball, location: 2F 0-1: Ball 1-1: Called Strike 1-2: Hit by Pitch
|
Batting: SHB Jimmy Wilson
|
0-0: Foul Ball, location: 2F 0-1: Swinging Strike 0-2: Ball 1-2: Ball 2-2: Foul Ball, location: 2F 2-2: Ball 3-2: Fly out, F9 (Flyball, 89M)
|
Batting: RHB Pat Hanna
|
0-0: Swinging Strike 0-1: Swinging Strike 0-2: Ball 1-2: Ball 2-2: SINGLE (Groundball, 34D) David Morgan to second
|
Batting: RHB Will David
|
0-0: Ball 1-0: Called Strike 1-1: Called Strike 1-2: Fly out, F8 (Flyball, 8RM)
|
Batting: RHB Jim Norris
|
0-0: Swinging Strike 0-1: Called Strike 0-2: DOUBLE (Line Drive, 8RD) David Morgan scores Pat Hanna to third
|
Pitching: RHP Siméon Goupil
|
|
Batting: LHB Edmund Stone
|
0-0: Ball 1-0: Swinging Strike 1-1: Foul Ball, location: 2F 1-2: Strikes out swinging
|
Top of the 4th over - 1 run(s), 2 hit(s), 0 error(s), 2 left on base; Bishop Amat HS 6 - Indianapolis HS 0 |
BOTTOM OF THE 4TH |
Indianapolis HS Chaos batting - Pitching for Bishop Amat HS : LHP Bryan Vaughan
|
Batting: SHB Mark Hendree
|
0-0: Ball 1-0: Called Strike 1-1: Ball 2-1: Foul Ball, location: 2F 2-2: Foul Ball, location: 2F 2-2: Ground out 6-3 (Groundball, 56)
|
Batting: SHB Mike Burke
|
0-0: Ball 1-0: SINGLE (Groundball, 56D)
|
Batting: RHB Zander von Strantz
|
0-0: Called Strike 0-1: Ball 1-1: Ball 2-1: Ball 3-1: Base on Balls Mike Burke to second
|
Batting: LHB Robert Lucas
|
0-0: Called Strike 0-1: Swinging Strike 0-2: Foul Ball, location: 2F 0-2: Ball 1-2: Ball 2-2: Strikes out swinging
|
Pitching: RHP Nathaniel Reynolds
|
|
Batting: RHB Johnny Becker
|
0-0: Ball 1-0: Ball 2-0: Ground out 2-3 (Groundball, 15S)
|
Bottom of the 4th over - 0 run(s), 1 hit(s), 0 error(s), 2 left on base; Bishop Amat HS 6 - Indianapolis HS 0 |
TOP OF THE 5TH |
Bishop Amat HS batting - Pitching for Indianapolis HS Chaos : RHP Siméon Goupil
|
Batting: SHB Leonardo González
|
0-0: Ball 1-0: Ball 2-0: Ball 3-0: Base on Balls
|
Batting: RHB Javier Castillo
|
0-0: Hit by Pitch Leonardo González to second
|
Batting: SHB José Ruíz
|
0-0: Called Strike 0-1: Foul Ball, location: 2F 0-2: Ball 1-2: Ball 2-2: Strikes out swinging
|
Batting: LHB David Morgan
|
0-0: Called Strike 0-1: Ball Single, Error in OF, E9, batter to second base Leonardo González scores Javier Castillo to third
|
Batting: SHB Jimmy Wilson
|
0-0: Ball 1-0: Foul Ball, location: 2F 1-1: Ball 2-1: SINGLE (Groundball, 34S) Javier Castillo scores David Morgan to third Throwing error, E9 David Morgan scores Jimmy Wilson to second
|
Batting: RHB Pat Hanna
|
0-0: Ball 1-0: Called Strike 1-1: Fly out, F5 (Line Drive, 5)
|
Batting: RHB Will David
|
0-0: Called Strike 0-1: Foul Ball, location: 2F 0-2: Ball 1-2: Strikes out swinging
|
Top of the 5th over - 3 run(s), 2 hit(s), 2 error(s), 1 left on base; Bishop Amat HS 9 - Indianapolis HS 0 |
BOTTOM OF THE 5TH |
Indianapolis HS Chaos batting - Pitching for Bishop Amat HS : RHP Nathaniel Reynolds
|
Batting: RHB Jesús Lima
|
0-0: Ball 1-0: Called Strike 1-1: Foul Ball, location: 2F 1-2: Ground out 5-3 (Groundball, 56)
|
Batting: LHB Ben Donaldson
|
0-0: Ball 1-0: Called Strike 1-1: Called Strike 1-2: Foul Ball, location: 2F 1-2: Ball 2-2: Foul Ball, location: 2F 2-2: Ball 3-2: Fly out, F9 (Flyball, 89M)
|
Batting: RHB Curt David
|
0-0: Ball 1-0: Foul Ball, location: 2F 1-1: Ground out 4-3 (Groundball, 4)
|
Bottom of the 5th over - 0 run(s), 0 hit(s), 0 error(s), 0 left on base; Bishop Amat HS 9 - Indianapolis HS 0 |
TOP OF THE 6TH |
Bishop Amat HS batting - Pitching for Indianapolis HS Chaos : RHP Siméon Goupil
|
Batting: RHB Jim Norris
|
0-0: Ball 1-0: Ball 2-0: Ball 3-0: Called Strike 3-1: SINGLE (Groundball, 56D)
|
Batting: LHB Edmund Stone
|
0-0: Ball 1-0: SINGLE (Flyball, 6MD) Jim Norris to second
|
Batting: SHB Leonardo González
|
0-0: Ball 1-0: Fielders Choice at 2nd, 3-6 (Groundball, 3) Jim Norris to third
|
Batting: RHB Javier Castillo
|
0-0: Ball 1-0: SINGLE (Flyball, 8RS) Jim Norris scores Leonardo González to second
|
Pitching: RHP Patrick Williams
|
|
Batting: SHB José Ruíz
|
0-0: Called Strike 0-1: Swinging Strike 0-2: Foul Ball, location: 2F 0-2: 3-RUN HOME RUN (Flyball, 9D), Distance : 356 ft
|
Batting: LHB David Morgan
|
0-0: Called Strike 0-1: Ball 1-1: Reached on Error, E8 (Flyball, 78M)
|
Batting: SHB Jimmy Wilson
|
0-0: Ball 1-0: Ball 2-0: Ball 3-0: Called Strike 3-1: Foul Ball, location: 2F 3-2: Foul Ball, location: 2F 3-2: Fly out, F7 (Flyball, 78M)
|
Batting: RHB Pat Hanna
|
0-0: Ball 1-0: Ground out 1-3 (Groundball, 15)
|
Top of the 6th over - 4 run(s), 4 hit(s), 1 error(s), 1 left on base; Bishop Amat HS 13 - Indianapolis HS 0 |
BOTTOM OF THE 6TH |
Indianapolis HS Chaos batting - Pitching for Bishop Amat HS : RHP Nathaniel Reynolds
|
Batting: RHB Patrice Charette
|
0-0: Ball 1-0: Ball 2-0: Ball 3-0: Base on Balls
|
Batting: SHB Mark Hendree
|
0-0: Called Strike 0-1: Fly out, F5 (Popup, 5S)
|
Batting: SHB Mike Burke
|
0-0: Fly out, F6 (Popup, 6M)
|
Batting: RHB Zander von Strantz
|
0-0: Foul Ball, location: 2F 0-1: Ball 1-1: Ball 2-1: Foul Ball, location: 2F 2-2: Strikes out swinging
|
Bottom of the 6th over - 0 run(s), 0 hit(s), 0 error(s), 1 left on base; Bishop Amat HS 13 - Indianapolis HS 0 |
TOP OF THE 7TH |
Bishop Amat HS batting - Pitching for Indianapolis HS Chaos : RHP Patrick Williams
|
Batting: RHB Will David
|
0-0: Foul Ball, location: 2F 0-1: Ball 1-1: TRIPLE (Flyball, 89M)
|
Batting: RHB Jim Norris
|
0-0: Called Strike 0-1: Ball 1-1: Ball 2-1: Called Strike 2-2: Ball 3-2: Strikes out looking
|
Batting: LHB Edmund Stone
|
0-0: Called Strike 0-1: Swinging Strike 0-2: Strikes out swinging
|
Batting: SHB Leonardo González
|
0-0: Ball 1-0: Called Strike 1-1: Swinging Strike 1-2: Ball 2-2: Strikes out swinging
|
Top of the 7th over - 0 run(s), 1 hit(s), 0 error(s), 1 left on base; Bishop Amat HS 13 - Indianapolis HS 0 |
BOTTOM OF THE 7TH |
Indianapolis HS Chaos batting - Pitching for Bishop Amat HS : RHP Nathaniel Reynolds
|
Pitching: LHP Leonard Rowland
|
|
Batting: LHB Robert Lucas
|
0-0: Ball 1-0: SOLO HOME RUN (Flyball, 78XD), Distance : 383 ft
|
Batting: RHB Johnny Becker
|
0-0: Foul Ball, location: 2F 0-1: Ball 1-1: Foul Ball, location: 2F 1-2: Ball 2-2: Foul Ball, location: 2F 2-2: Ball 3-2: Base on Balls
|
Batting: RHB Jesús Lima
|
0-0: Ball 1-0: Foul Ball, location: 2F 1-1: Ball 2-1: Called Strike 2-2: Ball 3-2: Foul Ball, location: 2F 3-2: Foul Ball, location: 2F 3-2: Strikes out swinging Johnny Becker steals 2nd base Batter strikes out.
|
Batting: LHB Ben Donaldson
|
0-0: Called Strike 0-1: Ball 1-1: Ground out 4-3 (Groundball, 4M) Johnny Becker to third
|
Batting: RHB Curt David
|
0-0: Called Strike 0-1: Foul Ball, location: 2F 0-2: Ball 1-2: Strikes out looking
|
Bottom of the 7th over - 1 run(s), 1 hit(s), 0 error(s), 1 left on base; Bishop Amat HS 13 - Indianapolis HS 1 |
TOP OF THE 8TH |
Bishop Amat HS batting - Pitching for Indianapolis HS Chaos : RHP Patrick Williams
|
Batting: RHB Javier Castillo
|
0-0: Called Strike 0-1: Ball 1-1: Called Strike 1-2: Strikes out looking
|
Pitching: RHP Jason McBride
|
|
Batting: SHB José Ruíz
|
0-0: Called Strike 0-1: Fly out, F9 (Flyball, 9M)
|
Batting: LHB David Morgan
|
0-0: Ball 1-0: Ball 2-0: Ball 3-0: Base on Balls
|
Batting: SHB Jimmy Wilson
|
0-0: Ball 1-0: Reached on error, E4 (Groundball, 4) David Morgan to third
|
Batting: RHB Pat Hanna
|
0-0: Ball 1-0: Called Strike 1-1: Ball 2-1: Ball 3-1: Foul Ball, location: 2F 3-2: Foul Ball, location: 2F 3-2: SINGLE (Groundball, 56D) David Morgan scores Jimmy Wilson to third Jimmy Wilson scores
|
Batting: RHB Will David
|
0-0: Ball 1-0: Ground out 1-3 (Groundball, 23)
|
Top of the 8th over - 2 run(s), 1 hit(s), 1 error(s), 1 left on base; Bishop Amat HS 15 - Indianapolis HS 1 |
BOTTOM OF THE 8TH |
Indianapolis HS Chaos batting - Pitching for Bishop Amat HS : LHP Leonard Rowland
|
Batting: RHB Patrice Charette
|
0-0: Ball 1-0: Foul Ball, location: 2F 1-1: Reached on error, E4 (Groundball, 4M)
|
Batting: SHB Mark Hendree
|
0-0: Ball 1-0: Ball 2-0: Ball 3-0: Called Strike 3-1: Foul Ball, location: 2F 3-2: Foul Ball, location: 2F 3-2: Base on Balls
|
Batting: SHB Mike Burke
|
0-0: Called Strike 0-1: Ball 1-1: Ball 2-1: Called Strike 2-2: Strikes out swinging
|
Batting: RHB Zander von Strantz
|
0-0: Ball 1-0: Ball 2-0: Called Strike 2-1: Foul Ball, location: 2F 2-2: Strikes out swinging
|
Batting: LHB Robert Lucas
|
0-0: Swinging Strike 0-1: Ball 1-1: Called Strike 1-2: Foul Ball, location: 2F 1-2: Strikes out swinging
|
Bottom of the 8th over - 0 run(s), 0 hit(s), 1 error(s), 2 left on base; Bishop Amat HS 15 - Indianapolis HS 1 |
TOP OF THE 9TH |
Bishop Amat HS batting - Pitching for Indianapolis HS Chaos : RHP Jason McBride
|
Batting: RHB Jim Norris
|
0-0: Foul Ball, location: 2F 0-1: SINGLE (Groundball, 6MD)
|
Batting: LHB Edmund Stone
|
0-0: Fly out, F8 (Line Drive, 78S)
|
Batting: SHB Leonardo González
|
0-0: Ball 1-0: Ball 2-0: Called Strike 2-1: SINGLE (Flyball, 8LS) Jim Norris to second
|
Pinch Hitting: LHB B.J. Ware
|
0-0: Ball 1-0: SINGLE (Line Drive, 4M) Jim Norris to third Leonardo González to second Runner from 3rd tries for Home, SAFE, no throw or cutoff
|
Batting: SHB José Ruíz
|
0-0: Swinging Strike 0-1: Ball 1-1: Ball 2-1: Ball 3-1: Called Strike 3-2: Base on Balls Leonardo González to third B.J. Ware to second
|
Batting: LHB David Morgan
|
0-0: Ball 1-0: Foul Ball, location: 2F 1-1: Ball 2-1: Ground out 4-3 (Groundball, 4M) Leonardo González scores B.J. Ware to third José Ruíz to second
|
Batting: SHB Jimmy Wilson
|
0-0: Ground out 6-3 (Groundball, 6)
|
Top of the 9th over - 2 run(s), 3 hit(s), 0 error(s), 2 left on base; Bishop Amat HS 17 - Indianapolis HS 1 |
BOTTOM OF THE 9TH |
Indianapolis HS Chaos batting - Pitching for Bishop Amat HS : LHP Leonard Rowland
|
Now in LF: Edgardo Aguilar
|
|
Now in CF: B.J. Ware
|
|
Batting: RHB Johnny Becker
|
0-0: Called Strike 0-1: SINGLE (Flyball, 8RS)
|
Pitching: RHP Bruno Poulin
|
|
Batting: RHB Jesús Lima
|
0-0: Ball 1-0: Ball 2-0: Called Strike 2-1: Ball 3-1: Called Strike 3-2: Base on Balls Johnny Becker to second
|
Batting: LHB Ben Donaldson
|
0-0: Called Strike 0-1: Foul Ball, location: 2F 0-2: Ball 1-2: Reached on error, E3 (Groundball, 3) Johnny Becker to third Jesús Lima to second
|
Batting: RHB Curt David
|
0-0: Ball 1-0: Called Strike 1-1: Called Strike 1-2: Strikes out swinging
|
Batting: RHB Patrice Charette
|
0-0: Called Strike 0-1: Swinging Strike 0-2: Ball 1-2: Ball 2-2: Ball 3-2: Strikes out swinging
|
Batting: SHB Mark Hendree
|
0-0: Foul Ball, location: 2F 0-1: Fly out, F8 (Line Drive, 8LM)
|
Bottom of the 9th over - 0 run(s), 1 hit(s), 1 error(s), 3 left on base; Bishop Amat HS 17 - Indianapolis HS 1 |
|